 Dungeon Crawl Stone Soup version 0.27-a0-972-gd1521fd518 (webtiles) character file.

Game seed: 15398948334345534487

63 kae the Ruffian (level 3, 0/28 HPs)
             Began as a Draconian Transmuter on Apr 13, 2021.
             Slain by Sigmund
             ... wielding a +2 scythe of freezing
              (6 damage)
             ... on level 2 of the Dungeon.
             The game lasted 00:01:19 (1999 turns).

kae the Ruffian (Draconian Transmuter)              Turns: 1999, Time: 00:01:20

Health: 0/28       AC: 12    Str: 12    XL:     3   Next: 89%
Magic:  6/6        EV: 18    Int: 14    God:
Gold:   18         SH:  0    Dex: 11    Spells: 2/6 levels left

rFire    . . .     SeeInvis .     - Unarmed
rCold    . . .     Faith    .   (shield currently unavailable)
rNeg     + + +     Spirit   .   (armour unavailable)
rPois    +         Reflect  .   (helmet currently unavailable)
rElec    .         Harm     .   (cloak currently unavailable)
rCorr    .         Rampage  .   (gloves currently unavailable)
Will     .....                  (boots currently unavailable)
Stlth    +.........             (no amulet)
HPRegen  0.09/turn              (no ring)
MPRegen  0.10/turn              (no ring)

@: fungus-form
A: melee confuse, terrified, no casting, AC +5, tiny, unfitting armour,
(cold-blooded)
a: no special abilities


You were on level 2 of the Dungeon.
You were a sentient fungus.
You visited 1 branch of the dungeon, and saw 2 of its levels.

You collected 18 gold pieces.

Inventory:

Hand Weapons
 e - a +1 whip of venom (melded)
Scrolls
 a - a scroll of identify
Potions
 b - a potion of attraction
 c - a potion of haste


   Skills:
 + Level 1.5 Fighting
 + Level 2.1 Dodging
 * Level 3.8 Unarmed Combat
 + Level 2.2 Spellcasting
 * Level 2.6 Transmutations
 * Level 0.4 Poison Magic


You had 2 spell levels left.
You knew the following spells:

 Your Spells              Type           Power      Damage    Failure   Level
a - Beastly Appendage     Tmut           18%        N/A       8%          1
b - Spider Form           Tmut/Pois      2%         N/A       36%         3

Your spell library contained the following spells:

 Spells                   Type           Power      Damage    Failure   Level
 Wereblood                Tmut           9%         N/A       12%         2
 Animate Skeleton         Necr           2%         N/A       24%         1
 Apportation              Tloc           2%         N/A       24%         1
 Corona                   Hex            1%         N/A       24%         1
 Summon Small Mammal      Summ           4%         N/A       24%         1
 Ice Form                 Ice/Tmut       5%         N/A       80%         4
 Hydra Form               Tmut           4%         N/A       91%         5


Dungeon Overview and Level Annotations

Branches:
Dungeon (2/15)

Altars:

Annotations:
D:2 Sigmund


Innate Abilities, Weirdness & Mutations

You are a sentient fungus.
You are tiny and evasive.
Your melee attack releases spores that confuse breathing creatures.
You become terrified and freeze when enemies are visible.
Your armour is entirely melded.
You are incapable of wielding weapons or throwing items.
You cannot cast spells.
((Your plain brown scales are hard. (AC +5)))
You cannot fit into any form of body armour.
((You are cold-blooded and may be slowed by cold attacks.))


Message History

You're too terrified to move while being watched!
You're too terrified to move while being watched!
Sigmund is nearby!
You're too terrified to move while being watched!
You're too terrified to move while being watched!
Sigmund is nearby!
You're too terrified to move while being watched!
You're too terrified to move while being watched!
Sigmund is nearby!
Unknown command.
You're too terrified to move while being watched!
Sigmund zaps a wand.
A kobold comes into view. It is wielding a +0 short sword.
You aren't carrying any items that you can evoke.
Unknown command.
It was a potion of curing.
You feel better.
A kobold comes into view. It is wielding a +0 whip.
Okay, then.
You're too terrified to move while being watched!
Unknown command.
You're too terrified to move while being watched!
A kobold comes into view. It is wielding a +0 club.
You aren't carrying any items that you can evoke.
Sigmund zaps a wand.
Sigmund misses you.
You're too terrified to move while being watched!
Sigmund barely misses you.
Sigmund casts a spell at himself.
Sigmund flickers and vanishes!
Deactivating autopickup; reactivate with Ctrl-A.
Something hits you. Something freezes you.
You release spores at the kobold but do no damage.
The kobold appears confused.
The kobold closely misses you. Something hits you but does no damage.
You barely miss the kobold. Something hits you!
Ouch! That really hurt!
* * * LOW HITPOINT WARNING * * *
Something freezes you.
You die...

..###.#≈#.###..####.#.........#
....#.#≈#.#.........#.#.......#
....###≈###..########.##.##...#
.......|)....# # #......#
....########.######## ## #...#
........................ .....
#############.######..>. ......
#...............
######..fK...... #..#####.##
#.{# #..# #..# #.........
#...###..K #...8 #..#..


You could see a kobold (confused).

Vanquished Creatures
  Robin (D:1)
  3 endoplasms (D:1)
  13 goblins (D:1)
  8 hobgoblins (D:1)
  2 quokkas
  2 ball pythons
  5 bats (D:1)
  3 frilled lizards
  6 kobolds
  6 rats (D:1)
49 creatures vanquished.

Notes
Turn   | Place    | Note
-------+----------+-------------------------------------------
     0 | D:1      | kae the Draconian Transmuter began the quest for the Orb.
     0 | D:1      | Reached XP level 1. HP: 16/16 MP: 3/3
   219 | D:1      | Reached XP level 2. HP: 23/23 MP: 3/5
   833 | D:1      | Reached XP level 3. HP: 8/28 MP: 6/6
  1278 | D:2      | Noticed Robin
  1298 | D:1      | Learned a level 3 spell: Spider Form
  1717 | D:1      | Killed Robin
  1981 | D:2      | Noticed Sigmund
  1999 | D:2      | Slain by Sigmund

Illustrated notes

Levels and vault maps discovered:
D:1:      minmay_arrival_stone_box, layout_basic
D:2:      layout_basic, hellmonk_ecumenical_altar_arch_garden, grunt_decor_cap,
          uniq_crazy_yiuf_cottage, uniq_robin, uniq_terence, uniq_sigmund

Skill      XL: |  1  2 |
---------------+-------+-----
Dodging        | 2 |  2.1
Fighting       | |  1.5
Unarmed Combat | |  3.8
Spellcasting   | |  2.2
Transmutations | |  2.6
Poison Magic   | |  0.4

Action                   || total
-------------------------++-------
Melee: Unarmed           ||   130
       Tailslap          ||     9
       Kick              ||     8
       Headbutt          ||     6
       Whip              ||     4
 Cast: Beastly Appendage ||    16
       Spider Form       ||     3
  Use: Scroll            ||     2
       Potion            ||     1
Armor: Skin              ||    48
Dodge: Dodged            ||   141

Table legend: (Time is in decaauts)
 A = Elapsed time spent in this place.
 B = Non-inter-level travel time spent in this place.
 C = Inter-level travel time spent in this place.
 D = Time resting spent in this place.
 E = Time spent auto-exploring this place.
 F = Levels seen in this place.
 G = Mean time per level.
                   A        B        C        D        E       F      G
               +--------+--------+--------+--------+--------+-----+--------+
         Total |   1994 |   1976 |     18 |    472 |   1199 |   2 |  997.0 |
       Dungeon |   1994 |   1976 |     18 |    472 |   1199 |   2 |  997.0 |
               +--------+--------+--------+--------+--------+-----+--------+

Top non-repeatable levels by time:
     D:1: 1814 daAuts
     D:2: 179 daAuts
